 Dungeon Crawl Stone Soup version 0.21.1-1-g345015f (webtiles) character file.

89 kaesh the Ruffian (level 4, -1/45 HPs)
             Began as a Troll Monk on Feb 25, 2018.
             Slain by a hobgoblin
             ... wielding a +0 club
              (5 damage)
             ... on level 3 of the Dungeon.
             The game lasted 00:03:32 (1668 turns).

kaesh the Ruffian (Troll Monk)                      Turns: 1668, Time: 00:03:33

Health: -1/45      AC:  5    Str: 20    XL:     4   Next: 31%
Magic:  3/3        EV: 10    Int:  6    God:
Gold:   142        SH:  0    Dex: 12    Spells: 3/3 levels left

rFire    . . .     SeeInvis .     - Unarmed
rCold    . . .     Gourm    +   (no shield)
rNeg     . . .     Faith    .   a - +0 robe
rPois    .         Spirit   .   (helmet restricted)
rElec    .         Reflect  .   (no cloak)
rCorr    .         Harm     .   (gloves unavailable)
MR       .....                  (boots unavailable)
Stlth    +.........             (no amulet)
HPRegen  0.55/turn              (no ring)
MPRegen  0.08/turn              (no ring)

@: drained
A: large, unfitting armour, claws 3, fast metabolism 3, gourmand, regeneration
1, shaggy fur 1, tough skin 2
a: no special abilities


You were on level 3 of the Dungeon.
You were completely stuffed.

You visited 1 branch of the dungeon, and saw 3 of its levels.

You collected 142 gold pieces.

Inventory:

Armour
 a - a +0 robe (worn)
Scrolls
 d - a scroll of teleportation {unknown}
 e - 2 scrolls of identify
 f - a scroll of enchant armour {unknown}
 g - 2 scrolls of remove curse {unknown}
Potions
 c - a potion of might {unknown}
 h - a potion of invisibility {unknown}
 i - a potion of heal wounds {unknown}
 k - a potion of flight {unknown}
Comestibles
 b - 2 rations
 j - a chunk of flesh


   Skills:
 + Level 3.1(2.6) Fighting
 + Level 3.1(2.7) Dodging
 - Level 1.0(0.5) Stealth
 + Level 3.8(3.3) Unarmed Combat


You had 3 spell levels left.
You didn't know any spells.

Dungeon Overview and Level Annotations

Branches:
Dungeon (3/15)

Altars:
Uskayaw
Vehumet


Innate Abilities, Weirdness & Mutations

You are too large for most types of armour.
You have claws for hands.
Your metabolism is lightning-fast.
You like to eat raw meat.
Your natural rate of healing is unusually fast.
You are covered in fur. (AC +1)
You have very tough skin. (AC +2)


Message History

* * * LOW HITPOINT WARNING * * *
The orc hits you but does no damage. The hobgoblin hits you with a club.
* * * LOW HITPOINT WARNING * * *
Unknown command.
You claw the orc priest!
You kill the orc priest!
You have reached level 4!
The orc hits you but does no damage. The hobgoblin barely misses you.
You closely miss the hobgoblin.
The orc hits you from afar with a spear.
* * * LOW HITPOINT WARNING * * *
The hobgoblin hits you but does no damage.
You closely miss the goblin. The orc misses you. The goblin misses you.
You closely miss the goblin. The hobgoblin hits you with a club.
* * * LOW HITPOINT WARNING * * *
The orc hits you but does no damage. The goblin hits you but does no damage.
You mangle the goblin!!
You kill the goblin!
The hobgoblin hits you with a club.
You die...

.....#...#...
............
...........# .
...........##..
..................
...........o......
..........)g...## ...
..........@#(...###....
..........)#..#.(......
...........#..#.......
.%#.....##...[......#
.#
#......รท.....#......#
..
#..#....)#..........#
.#
#...#..............##.#
#..##..............#..#
... #................#


You could see an orc and a hobgoblin.

Vanquished Creatures
  An orc priest (D:3)
  2 worms (D:3)
  2 dart slugs (D:1)
  A leopard gecko (D:2)
  3 orcs
  A giant cockroach (D:2)
  7 hobgoblins
  4 jackals (D:1)
  A quokka (D:2)
  6 bats
  4 frilled lizards
  4 goblins
  8 kobolds
  3 rats
47 creatures vanquished.

Notes
Turn   | Place    | Note
-------+----------+-------------------------------------------
     0 | D:1      | kaesh the Troll Monk began the quest for the Orb.
     0 | D:1      | Reached XP level 1. HP: 22/22 MP: 0/0
   108 | D:1      | Reached XP level 2. HP: 29/29 MP: 1/1
   821 | D:2      | Found a radiant altar of Vehumet.
   879 | D:2      | Reached XP level 3. HP: 36/36 MP: 2/2
   922 | D:2      | Found a hide-covered altar of Uskayaw.
  1664 | D:3      | Reached XP level 4. HP: 6/45 MP: 3/3
  1668 | D:3      | Slain by a hobgoblin

Skill      XL: |  1  2  3 |
---------------+----------+-----
Dodging        | 3 |  3.1
Fighting       | 3 |  3.1
Stealth        | |  1.0
Unarmed Combat | |  3.8

Action                   |  1- 3 |  4- 6 || total
-------------------------+-------+-------++-------
Melee: Unarmed           |   115 |     4 ||   119
       Punch             |     1 |       ||     1
  Use: Scroll            |     3 |       ||     3
       Potion            |     1 |       ||     1
 Stab: Sleeping          |     6 |       ||     6
  Eat: Chunk             |    21 |       ||    21
Armor: Robe              |    28 |     2 ||    30
Dodge: Dodged            |    68 |     3 ||    71
